 Dungeon Crawl Stone Soup version 0.30.1-3-gfc49f6343a (webtiles) character file.

Game seed: 9779383143061904880

4 javelincjr the Ducker (level 1, 0/16 HPs)
             Began as a Demonspawn Gladiator on Aug 1, 2023.
             Frozen to death by an endoplasm (1 damage)
             ... on level 1 of the Dungeon.
             The game lasted 00:00:26 (131 turns).

javelincjr the Ducker (Demonspawn Gladiator)         Turns: 131, Time: 00:00:27

Health: 0/16       AC:  4    Str: 14    XL:     1   Next: 50%
Magic:  1/1        EV: 12    Int:  9    God:
Gold:   0          SH:  0    Dex: 14    Spells: 0/0 levels left

rFire   . . .        a - +0 trident
rCold   . . .        (no shield)
rNeg    . . .        b - +0 leather armour
rPois   .            c - +0 helmet
rElec   .            (no cloak)
rCorr   .            (no gloves)
SInv    .            (no boots)
Will    .....        (no amulet)
Stlth   +            (no ring)
HPRegen 0.22/turn    (no ring)
MPRegen 0.07/turn

%: no passive effects
@: no status effects
A: no striking features
a: no special abilities


You were on level 1 of the Dungeon.
You visited 1 branch of the dungeon, and saw 1 of its levels.

Inventory:

Hand Weapons
 a - a +0 trident (weapon)
Missiles
 d - a throwing net (quivered)
 e - a javelin
Armour
 b - a +0 leather armour (worn)
 c - a +0 helmet (worn)
Scrolls
 g - a scroll of noise {unknown}
Potions
 f - a potion of heal wounds {unknown}
 h - a potion of haste {unknown}


   Skills:
 + Level 2.1 Fighting
 + Level 2.7 Polearms
 + Level 1.8 Throwing
 + Level 2.7 Dodging


You couldn't memorise any spells.
You didn't know any spells.
Your spell library was empty.

Dungeon Overview and Level Annotations

Branches:
Dungeon (1/15)

Altars:


Message History

The bat barely misses you. The jackal completely misses you.
Throw: 2 throwing nets
Press: ? - help, Q - select action, (/) - cycle Shift-Dir - straight line, f/p - jackal
Aim: a jackal (51% to hit)
You throw a throwing net.
The throwing net closely misses the jackal.
The throwing net hits the jackal.
The jackal is caught in the net!
The bat hits you but does no damage. The jackal misses you.
The jackal struggles against the net.
You closely miss the bat.
The endoplasm quivers.
The bat hits you but does no damage. The bat misses you.
The jackal bites you but does no damage.
The jackal struggles against the net.
The jackal bites you but does no damage.
The bat hits you but does no damage.
The jackal struggles against the net.
You closely miss the bat. The bat hits you but does no damage.
The jackal bites you but does no damage.
The jackal struggles against the net.
The net rips apart, and the jackal comes free!
You closely miss the kobold. The jackal barely misses you.
The kobold misses you.
The jackal bites you but does no damage.
You barely miss the kobold. The jackal misses you.
The kobold hits you with a +0 club.
* * * LOW HITPOINT WARNING * * *
The jackal bites you but does no damage.
You closely miss the kobold. The kobold closely misses you.
The jackal barely misses you. The kobold barely misses you.
You hit the kobold.
You kill the kobold!
The jackal barely misses you. The jackal bites you.
* * * LOW HITPOINT WARNING * * *
You hit the endoplasm.
The endoplasm is heavily wounded.
The jackal bites you.
* * * LOW HITPOINT WARNING * * *
The endoplasm freezes you.
You are frozen.
You die...

# #.# #. ... ## .#
#.. . #######
....#.# #.....#
.#.#. #.##.###.# b..
#.##.# #.# #.#J#
#.##.# #.# #.#@#
#.##.# #.# #.#h#
#.##.# #.#### #>#h#
#.##.# #.....
#J#l####.##.########
#.#h.......#.....#
###.#..###..###.##.#
#......# #.## #.#
#.#.#(....## #..
.hh######?# #.#


You could see an endoplasm, 3 jackals, a bat and a frilled lizard.

Vanquished Creatures
  A hobgoblin (D:1)
  A jackal (D:1)
  A kobold (D:1)
3 creatures vanquished.

Notes
Turn   | Place    | Note
-------+----------+-------------------------------------------
     0 | D:1      | javelincjr the Demonspawn Gladiator began the quest for the
                  | Orb.
     0 | D:1      | Reached XP level 1. HP: 16/16 MP: 1/1
   131 | D:1      | Frozen to death by an endoplasm

Illustrated notes

Levels and vault maps discovered:
D:1:      dpeg_arrival_round_a, layout_loops_ring

Action                     || total
---------------------------++-------
  Melee: Trident           ||    23
         Punch             ||     1
  Throw: Throwing net      ||     2
 Armour: Leather armour    ||    25
  Dodge: Dodged            ||    41
